← All builds
Geo / Armada / Economy first / OBSERVED BUILD

Standard geo

Standard Geo economy-first play: geothermal by 3:26, T2 constructor by 4:55, advanced geothermal and vehicle plant around 7:07, transitioning into Starlight and T1 vehicles for front while supplying allies with cons and Lazarus.

Usually blows up the commander for T2 (66%)

#eco #t2 · 660 distinct matches · 107 players · 58% of Armada Geo games · team won 55% of 745 · Recently observed

HOW TO PLAY IT

Key timing: Geothermal Powerplant by 3:26

  1. Open mex and wind into Bot Lab.
  2. Rush geothermal for the early energy spike.
  3. Add Advanced Metal Extractor, then Advanced Geothermal by 7:07.
  4. Bring up Vehicle Plant alongside T2 con for "Starlight" and vehicles.
  5. Funnel "Starlight" and T1 vehicles to front, pay allies with cons and "Lazarus".

Phase by phase

TYPICAL OF ITS 660 GAMES
  1. 1
  2. 2
  3. 3
  4. 4
PLAY THE OPENING

Follow the example game's first 6:00 step by step: what to build now, what comes next, and where it goes. At 1× it keeps pace with your own game.

  1. 1

    Up to the Bot Lab

    Economy
    • Metal Extractor2Mex
    • Wind Turbine4Wind
    Order
    1. Bot LabBot Lab after 2 mex, 4 winddone ~1:12, middle half 0:58–1:22

    By 0:55 in all: 2 mex · 4 wind

    The example game in this phase · 3 steps
    1. Mex ×2
    2. Wind ×5
    3. Bot LabBot Labdone 1:04 · typical 1:12
  2. 2

    Bot Lab to 5:00

    Economy
    • Metal Extractor2Mex
    • Wind Turbine3Wind
    • Energy Converter8Converter
    • Energy Storage1Energy storage
    Order
    1. Geothermal PowerplantGeo after 4 mex, 5 wind, 1 energy storage
    Builders
    • Construction Turret5 Con turret
    • Lazarus4 Lazarus
    • Construction Bot2 Con bot
    • Construction Bot1 Con bot for allies
    • Lazarus1 Lazarus for allies

    By 5:00 in all: 4 mex · 6 wind · 1 geo · 8 converter · 1 energy storage · 5 con turret

    The example game in this phase · 24 steps
    1. LazarusLazarus ×2
    2. Construction BotCon botfor Beach sea
    3. LazarusLazarus
    4. Construction BotCon botfor Pond
    5. Construction BotCon bot
    6. Mex
    7. Construction BotCon bot
    8. Geothermal PowerplantGeodone 2:47 · typical 3:26
    9. Mex
    10. LazarusLazarus
    11. Con turret
    12. Converter
    13. Con turret
    14. Converter ×3
    15. Energy storage
    16. Con turret ×4
    17. Wind ×3
    18. Converter
    19. Wind ×2
    20. Converter
    21. Wind ×3
    22. Converter
    23. Wind ×10
    24. Converter
  3. 3

    5:00 to Vehicle Plant

    Order
    1. Advanced Geothermal PowerplantAdvanced Geothermal Powerplant after 8 wind, 10 converter, 6 con turretin 61% of games
    2. Vehicle PlantVehicle Plant after 9 wind, 10 converter, 6 con turretdone ~7:07, middle half 6:43–7:41
    Builders
    • Construction Turret1 Con turret

    Some games also: converter (49%) · wind (47%)

    By 7:00 in all: 4 mex · 10 wind · 1 geo · 1 Advanced Geothermal Powerplant · 11 converter · 1 energy storage

    The example game in this phase · 5 steps
    1. Converter
    2. Wind ×3
    3. Advanced Metal ExtractorT2 mex ×4done 5:26 · typical 5:34
    4. PrudePrudedone 6:47
    5. Vehicle PlantVehicle Plantdone 6:52 · typical 7:07
  4. 4

    Vehicle Plant to 10:00

    Economy
    • Wind Turbine5Wind
    • Energy Converter3Converter
    Order
    1. Advanced Vehicle PlantAdvanced Vehicle Plant after 11 wind, 12 converter, 7 con turretin 80% of games
    Builders
    • Construction Turret1 Con turret
    • Construction Vehicle1 Con vehicle
    Army
    • Starlight2 Starlight
    • Umbra1 Jammer
    • Prophet1 Radar vehicle

    Some games also: T2 con vehicle for allies (48%) · Jaguar (31%)

    By 10:00 in all: 4 mex · 19 wind · 1 geo · 1 Advanced Geothermal Powerplant · 16 converter · 1 energy storage

    The example game in this phase · 144 steps
    1. Construction VehicleCon vehicle
    2. Advanced Vehicle PlantAdvanced Vehicle Plantdone 7:19 · typical 8:09
    3. UmbraJammer
    4. Con turret
    5. ProphetRadar vehicle
    6. MauserMauser
    7. Radar TowerRadar Tower
    8. MauserMauser
    9. Wind
    10. Con turret
    11. MauserMauser
    12. Wind
    13. MauserMauser
    14. Wind ×3
    15. MauserMauser
    16. Wind ×2
    17. UmbraJammer
    18. Advanced Construction VehicleT2 con vehiclefor Beach sea
    19. Wind ×7
    20. UmbraJammer
    21. Wind ×4
    22. ProphetRadar vehicle
    23. Wind ×4
    24. StarlightStarlightdone 9:09 · typical 9:06
    25. Wind ×11
    26. StarlightStarlight
    27. Wind ×3
    28. Converter
    29. Wind ×2
    30. Converter ×2
    31. Wind ×4
    32. StarlightStarlight
    33. Converter
    34. Wind ×3
    35. Advanced Construction VehicleT2 con vehiclefor Front
    36. Wind ×3
    37. StarlightStarlight
    38. Wind ×8
    39. StarlightStarlight
    40. Wind ×7
    41. StarlightStarlight
    42. Wind ×7
    43. ShredderShredderdone 11:41
    44. Converter
    45. Wind ×3
    46. ShredderShredder
    47. Converter
    48. Wind ×2
    49. Advanced Construction VehicleT2 con vehicle
    50. Converter
    51. Wind ×2
    52. ConsulConsul
    53. Converter
    54. Wind
    55. Converter
    56. Metal storage
    57. Wind ×3
    58. Bot LabBot Labdone 12:41
    59. Wind
    60. Bot LabBot Labdone 12:45
    61. TickTick ×7
    62. PawnPawn
    63. TickTick ×2
    64. Wind
    65. TickTick ×3
    66. PawnPawn
    67. TickTick
    68. BeamerBeamer
    69. TickTick ×4
    70. PawnPawn
    71. Sneaky PeteSneaky Pete
    72. TickTick ×4
    73. PawnPawn
    74. TickTick ×2
    75. Con turret
    76. TickTick
    77. PawnPawn
    78. Con turret
    79. TickTick
    80. Wind
    81. TickTick ×4
    82. PawnPawn
    83. Wind
    84. BeamerBeamer
    85. TickTick ×4
    86. PawnPawn
    87. Wind
    88. TickTick ×5
    89. PawnPawn
    90. TickTick ×5
    91. PawnPawn
    92. TickTick ×3
    93. BeamerBeamer
    94. TickTick
    95. PawnPawn
    96. TickTick ×5
    97. PawnPawn
    98. TickTick ×2
    99. Wind
    100. TickTick ×2
    101. PawnPawn
    102. TickTick ×4
    103. PawnPawn
    104. TickTick ×4
    105. PawnPawn
    106. TickTick ×4
    107. PawnPawn
    108. TickTick ×5
    109. PawnPawn
    110. TickTick ×4
    111. PawnPawn
    112. TickTick
    113. Wind
    114. TickTick ×3
    115. PawnPawn
    116. TickTick ×6
    117. PawnPawn
    118. TickTick
    119. Wind
    120. TickTick ×4
    121. PawnPawn
    122. TickTick ×4
    123. PawnPawn
    124. TickTick ×5
    125. PawnPawn
    126. TickTick ×4
    127. PawnPawn
    128. TickTick ×5
    129. PawnPawn
    130. TickTick ×6
    131. PawnPawn
    132. TickTick ×4
    133. PawnPawn
    134. TickTick ×6
    135. PawnPawn
    136. TickTick ×4
    137. PawnPawn
    138. TickTick ×6
    139. PawnPawn
    140. TickTick ×5
    141. PawnPawn
    142. TickTick ×4
    143. PawnPawn
    144. TickTick

Counts are medians over the build's games: half of them build more, half fewer. The example game is [Crd]VOLT's (35 OS, 24/09/2026); pick another.

Team trades

IN AT LEAST 30% OF ITS GAMES

You hand over

  • Lazarus1 Lazarus to Beach seafirst at 2:16 · in 78% of games
  • Construction Bot1 Con bot to Beach seafirst at 2:31 · in 88% of games
  • Advanced Construction Vehicle1 T2 con vehicle to Suicide front or Frontfirst at 8:52 · in 61% of games

You get

  • Hercules1 Light transport from Airfirst at 4:19 · in 35% of games
  • Advanced Construction Bot1 T2 con bot from Techfirst at 4:48 · in 95% of games

How it plays out

Typical game of this build, running totals by minute

Metal produced

020k40k
0:005:0010:0015:00

metal

Enemy metal destroyed

05k10k15k
0:005:0010:0015:00

metal

Own metal lost

02.5k5k7.5k
0:005:0010:0015:00

metal

745 games.

Show as table
ByMetal produced: This buildEnemy metal destroyed: This buildOwn metal lost: This build
1:0033300
2:0082500
3:00152300
4:00270000
5:00372600
6:00572900
7:00813000
8:0011459021
9:001448951130
10:0017405565280
11:00203772074790
12:002330539401940
13:002606259613304
14:002898883214785
15:0031497101726196
WHAT THE NUMBERS SAY

Standard Geo build dominates the resource numbers, with zero own losses through 10:00 and a huge metal lead by 15:00.

  • + Metal produced hits 31426 by 15:00, highest of all six builds
  • + Own metal lost is 0 by 5:00 and only 334 by 10:00
  • − First Starlight only arrives in 57% of games by 9:19
  • − Advanced geothermal lands in just 69% of games by 7:16
THE EXAMPLE YOU ARE READING

[Crd]VOLT

35.5 OS · 24/09/2026

Open source match ↗

4 received units · includes a constructor
1136 metal received · 63893 energy received

Allied construction assistance is unknown. Timings are observations, not a promise of solo reproducibility.

Typical milestones

Bot Lab1:12Middle 50%: 0:58–1:22 · n=744
Geothermal Powerplant3:26Middle 50%: 3:10–3:42 · n=743
Advanced Metal Extractor5:34Middle 50%: 5:19–5:56 · n=742
Advanced Geothermal Powerplant7:06Middle 50%: 6:49–7:34 · n=552
Vehicle Plant7:07Middle 50%: 6:43–7:41 · n=705
Advanced Vehicle Plant8:09Middle 50%: 7:41–8:54 · n=669
Starlight9:06Middle 50%: 8:32–9:53 · n=583

Played most by

zeus_on_god76games of this build0neTw074games of this buildViltrum53games of this buildDamsko35games of this buildXad35games of this build